cohdb
Replays
Latest Replays
All Replays
Popular Replays
Top Player Replays
Match Explorer
How It Works
Community
CoH3 Stats
Reddit
Sign in to upload your games and track your stats! →
Sign in with Steam
Match 44073608
Unlisted
Match 44073608
Overview
Messages
Build Orders
End
Kradschützen Motorcycle Team
Panzergrenadier Squad
250 Light Carrier
Panzergrenadier Squad
Construct Light Support Kompanie
MG34 Team
Fire Support Elements
Flakvierling Half-track
Panzerjäger Mechanized Group
Selects Armored Support Battlegroup
Selects Superior Fire Drills
Pak 38 Anti-tank Gun Team
Assault Grenadier Squad
Selects Flammpanzer III Medium Tank
Flammpanzer III Medium Tank
Construct Panzerarmee Kommand
Pak 38 Anti-tank Gun Team
Panzer III L Medium Tank
Selects Command Panzer IV F Medium Tank
Vehicle Survival Package
Panzer III L Medium Tank
Flammpanzer III Medium Tank
2.5-tonne Medical Truck
Panzerpioneer Squad
XuZhongwei
HiHue
energiazers
LORGAR
0
0
Comments
sign in to comment!
No comments posted yet!